 Dungeon Crawl Stone Soup version 0.28-a0-1518-gbe868bca14 (webtiles) character file.

Game seed: 11224203113795526256

263 Sabo the Chiller (level 6, -5/42 HPs)
             Began as a Merfolk Ice Elementalist on Jan 16, 2022.
             Was an Initiate of Vehumet.
             Slain by Menkaure (19 damage)
             ... on level 4 of the Dungeon.
             The game lasted 00:29:28 (5138 turns).

Sabo the Chiller (Merfolk Ice Elementalist)         Turns: 5138, Time: 00:29:31

Health: -5/42      AC:  3    Str:  8    XL:     6   Next: 19%
Magic:  2/11       EV: 13    Int: 17    God:    Vehumet [......]
Gold:   143        SH:  0    Dex: 14    Spells: 7/11 levels left

rFire   . . .      SeeInvis +   s - +0 hand crossbow
rCold   . . .      Faith    .   (no shield)
rNeg    . . .      Spirit   .   a - +0 robe
rPois   .          Reflect  .   (no helmet)
rElec   .          Harm     .   m - +0 cloak
rCorr   .          Rampage  .   (no gloves)
Will    .....                   (no boots)
Stlth   ++........              (no amulet)
HPRegen 0.14/turn               t - ring of see invisible
MPRegen 0.12/turn               (no ring)

@: no status effects
A: (nimble swimmer 2), mertail
a: Renounce Religion


You were on level 4 of the Dungeon.
You worshipped Vehumet.
Vehumet was noncommittal.
You visited 1 branch of the dungeon, and saw 4 of its levels.

You collected 143 gold pieces.

Inventory:

Hand Weapons
 k - a +0 hand axe
 l - a +0 hunting sling
 p - a +1 whip of venom
 q - a +0 dagger of speed
 s - a +0 hand crossbow (weapon)
Missiles
 g - 54 bolts (quivered ammo)
 h - 42 sling bullets
Armour
 a - a +0 robe (worn)
 m - a +0 cloak (worn)
Jewellery
 t - a ring of see invisible (left hand)
Wands
 v - a wand of flame (8)
Scrolls
 b - a scroll of silence
 c - a scroll of immolation {unknown}
 d - a scroll of teleportation
 i - a scroll of vulnerability {unknown}
 j - a scroll of blinking
 n - a scroll of amnesia {unknown}
 r - a scroll of summoning {unknown}
 u - a scroll of magic mapping {unknown}
Potions
 e - 4 potions of curing
 f - 2 potions of heal wounds {unknown}
 o - a potion of might {unknown}


   Skills:
 + Level 0.8 Fighting
 + Level 1.5 Slings
 + Level 3.2 Dodging
 + Level 3.2 Stealth
 + Level 3.3 Spellcasting
 + Level 6.0 Ice Magic


You had 7 spell levels left.
You knew the following spells:

 Your Spells              Type           Power      Damage    Failure   Level
a - Freeze                Ice            92%        1d10      1%          1
b - Ozocubu's Armour      Ice            23%        N/A       4%          3

Your spell library contained the following spells:

 Spells                   Type           Power      Damage    Failure   Level
 Frozen Ramparts          Ice            46%        1d6       4%          3
 Hailstorm                Conj/Ice       13%        3d5       43%         4
 Ice Form                 Ice/Tmut       13%        N/A       43%         4
 Summon Ice Beast         Ice/Summ       13%        N/A       43%         4
 Ignite Poison            Fire/Tmut/Pois 2%         N/A       45%         3
 Mephitic Cloud           Conj/Pois/Air  2%         N/A       45%         3
 Animate Dead             Necr           1%         N/A       86%         4
 Summon Lightning Spire   Summ/Air       2%         N/A       86%         4
 Freezing Cloud           Conj/Ice/Air   4%         6-21      90%         5
 Haunt                    Necr/Summ      1%         N/A       100%        7
 Storm Form               Tmut/Air       1%         N/A       100%        7
 Infestation              Necr           1%         N/A       100%        8
 Maxwell's Capacitive Co  Air            1%         ∞         100%        8


Dungeon Overview and Level Annotations

Branches:
Dungeon (4/15)
 Temple: D:4-7

Altars:
Vehumet
Wu Jian

Annotations:
D:4 Menkaure


Innate Abilities, Weirdness & Mutations

((You are very nimble when in or above water. (Stealth+, EV+, Speed+++)))
Your lower body shifts to a powerful aquatic tail in water.


Message History

Confirm with . or Enter, or press ? or * to list all spells.
Aiming: Freeze (safe; 1% risk of failure)
Press: ? - help, Shift-Dir - straight line, f/p - Menkaure
Aim: Menkaure (moderately damaged, fast)
You freeze Menkaure.
Menkaure resists.
Menkaure is heavily damaged.
Menkaure hits you.
Casting: Freeze (safe; 1% risk of failure)
Confirm with . or Enter, or press ? or * to list all spells.
Aiming: Freeze (safe; 1% risk of failure)
Press: ? - help, Shift-Dir - straight line, f/p - Menkaure
Aim: Menkaure (heavily damaged, fast)
You freeze Menkaure.
Menkaure resists.
Menkaure is heavily damaged.
Menkaure barely misses you.
Casting: Freeze (safe; 1% risk of failure)
Confirm with . or Enter, or press ? or * to list all spells.
Aiming: Freeze (safe; 1% risk of failure)
Press: ? - help, Shift-Dir - straight line, f/p - Menkaure
Aim: Menkaure (heavily damaged, fast)
You freeze Menkaure.
Menkaure resists.
Menkaure is severely damaged.
Menkaure closely misses you.
Casting: Freeze (safe; 1% risk of failure)
Confirm with . or Enter, or press ? or * to list all spells.
Aiming: Freeze (safe; 1% risk of failure)
Press: ? - help, Shift-Dir - straight line, f/p - Menkaure
Aim: Menkaure (severely damaged, fast)
You freeze Menkaure.
Menkaure resists.
Menkaure is severely damaged.
Menkaure hits you but does no damage. Menkaure hits you.
Casting: Freeze (safe; 1% risk of failure)
Confirm with . or Enter, or press ? or * to list all spells.
Aiming: Freeze (safe; 1% risk of failure)
Press: ? - help, Shift-Dir - straight line, f/p - Menkaure
Aim: Menkaure (severely damaged, fast)
You freeze Menkaure.
Menkaure resists.
Menkaure is almost destroyed.
Menkaure hits you!!
You die...

#....###..#
#........>#
≈≈≈≈≈≈≈
##.#####..#
...≈.. #.# #
..≈..
#.#########
#..S
#.<.......#
#..#
#########.#
#..#
#.####(.#####.
#.@MS.........
##############


You could see Menkaure (fast) and an adder.

Vanquished Creatures
  A sky beast (D:3)
  Jessica (D:3)
  7 adders
  A worm (D:3)
  2 dart slugs
  An orc (D:3)
  8 ball pythons
  5 bats
  6 endoplasms
  A giant cockroach (D:4)
  10 goblins
  10 hobgoblins
  4 quokkas
  8 frilled lizards
  4 kobolds
  4 rats
73 creatures vanquished.

Notes
Turn   | Place    | Note
-------+----------+-------------------------------------------
     0 | D:1      | Sabo the Merfolk Ice Elementalist began the quest for the
                  | Orb.
     0 | D:1      | Reached XP level 1. HP: 13/13 MP: 3/3
   538 | D:1      | Reached XP level 2. HP: 11/19 MP: 0/5
  1134 | D:1      | Reached skill level 5 in Ice Magic
  1286 | D:1      | Reached XP level 3. HP: 19/24 MP: 3/6
  2471 | D:2      | Reached XP level 4. HP: 30/30 MP: 4/7
  3121 | D:3      | Found an ornate altar of the Wu Jian Council.
  3372 | D:3      | Found a radiant altar of Vehumet.
  3402 | D:3      | Became a worshipper of Vehumet
  3914 | D:3      | Noticed Jessica
  3920 | D:3      | Killed Jessica
  3921 | D:3      | Reached XP level 5. HP: 35/35 MP: 6/9
  4309 | D:3      | Noticed a sky beast
  4324 | D:3      | Killed a sky beast
  4325 | D:3      | Reached skill level 1 in Slings
  4325 | D:3      | Reached skill level 6 in Ice Magic
  4325 | D:3      | Reached XP level 6. HP: 10/42 MP: 1/10
  4738 | D:3      | Learned a level 3 spell: Ozocubu's Armour
  5121 | D:4      | Noticed Menkaure
  5138 | D:4      | Slain by Menkaure

Illustrated notes

Levels and vault maps discovered:
D:1:      heliophobic_arrival_glass_houses, layout_loops_corners,
          minmay_misc_feat_pillars, chequers_serial_rivers_micro_c
D:2:      layout_basic, kennysheep_crisscross
D:3:      minmay_chambers_of_threes, layout_basic, vehumet_crystals,
          nicolae_wu_jian_immortal_techniques, uniq_jessica
D:4:      cheibrodos_quashed, layout_loops_ring, serial_rivers,
          chequers_serial_rivers_micro_b, chequers_serial_rivers_micro_a,
          chequers_serial_rivers_micro_d, chequers_serial_rivers_small_a,
          chequers_serial_rivers_small_3, chequers_serial_rivers_micro_e,
          grunt_decor_clamped, uniq_menkaure

Skill      XL: |  1  2  3  4  5 |
---------------+----------------+-----
Ice Magic      | 5 6 |  6.0
Dodging        | 3 |  3.2
Stealth        | 3 |  3.2
Slings         | 1 |  1.5
Spellcasting   | 3 |  3.3
Fighting       | |  0.8

Action                   |  1- 3 |  4- 6 || total
-------------------------+-------+-------++-------
Melee: Dagger            |     3 |       ||     3
       Hand axe          |       |     1 ||     1
 Fire: Hunting sling     |       |    49 ||    49
       Hand crossbow     |       |     3 ||     3
 Cast: Freeze            |    53 |    54 ||   107
  Use: Scroll            |       |     3 ||     3
       Potion            |       |     1 ||     1
Armor: Robe              |     5 |     3 ||     8
Dodge: Dodged            |    22 |    34 ||    56

Table legend: (Time is in decaauts)
 A = Elapsed time spent in this place.
 B = Non-inter-level travel time spent in this place.
 C = Inter-level travel time spent in this place.
 D = Time resting spent in this place.
 E = Time spent auto-exploring this place.
 F = Levels seen in this place.
 G = Mean time per level.
                   A        B        C        D        E       F      G
               +--------+--------+--------+--------+--------+-----+--------+
         Total |   5107 |   5107 |      0 |   1895 |      0 |   4 | 1276.8 |
       Dungeon |   5107 |   5107 |      0 |   1895 |      0 |   4 | 1276.8 |
               +--------+--------+--------+--------+--------+-----+--------+

Top non-repeatable levels by time:
     D:3: 1912 daAuts
     D:1: 1756 daAuts
     D:2: 1051 daAuts
     D:4: 387 daAuts
